Anemone, neutral female sylph Wizard ---- ---- |..|--- ----..--- ----------..--.------ --.|.....-- ---- ---...................| |.........---- -- |..| |...............|.....| |............--.--- --..-- ---- |..............---....| ---...............| ---....| |..-- |........|....-|--....-- |...............| |......-- |..)| ----.|...|.....||......| |.....%.......--- |.......| ---..-- ----........---....-| |.......(.....| ---.....-- |.....| ---.|......||.....| |...).........--- |......---.|..-| |...|.>...-|---..-- |-.%..-.........| |..........|...| ---.--|......| |..| |...............| |.............-- |...| ---...-- ------ -------.---.......--.-- --...........-- ---.--- ----- --.| --...|..[|--.|.....| -- ---- |......--...| --...| |..-- |....|<--|...|---.-- --..-- |.....--|...-- |..-------------------...| |.h@...|--.--- |.| |....------...--- |....-- |........................---.-----|...| |.| --............--- --....| -------------------..%.......| ---.--- ---.| |......-----...| |....| ---.%...---- |...| |...---------......| |....| ---.-- |..|.-- |..-- |...............|.-- --..-- --- ------ ---- ------------------- ---- Anemone the Conjurer Experience level: 5 Strength: 8 Dexterity: 12 Constitution: 9 Intelligence: 17 Wisdom: 20 Charisma: 9 Health: 0(35) Energy: 66(74) Def: 1 Gold: 443 Moves: 2447 Dungeon seed: qUUjZygqlHFR3Dk- Game ID: Anemone_1487197299 Your Inventory: Coins $ - 443 gold pieces Weapons a - a blessed +1 quarterstaff (alternate weapon; not wielded) s - a +0 elven dagger t - 2 +0 daggers Armor e - an uncursed +0 cloak of magic resistance (being worn) N - an uncursed +0 pair of gauntlets of dexterity Comestibles i - 2 uncursed lichen corpses k - an uncursed clove of garlic r - an uncursed pancake v - 2 uncursed food rations B - an uncursed fortune cookie C - an uncursed lembas wafer Scrolls h - 2 uncursed scrolls of identify j - a cursed scroll of identify p - a cursed scroll of remove curse Spellbooks b - a blessed spellbook of force bolt c - an uncursed spellbook of detect monsters o - an uncursed spellbook of slow monster Potions f - an uncursed potion of gain energy g - an uncursed potion of healing D - an uncursed potion of monster detection Wands d - a wand of nothing (0:8) m - a wand of enlightenment (0:11) n - a wand of enlightenment (0:14) x - a blessed wand of polymorph (0:2) Tools u - 6 cursed tallow candles (0:200) w - a can of grease (0:8) F - a +0 pick-axe (weapon in hand) Gems q - 2 uncursed worthless pieces of yellowish brown glass y - an uncursed worthless piece of violet glass z - 3 uncursed worthless pieces of green glass A - an uncursed amethyst E - an uncursed worthless piece of blue glass Y - 2 uncursed worthless pieces of red glass Spells and supernatural/magical abilities: Name Level Category Fail Memory a - force bolt 1 attack 0% 88% n - detect monsters 1 divination 0% 88% s - slow monster 1 enchantment 0% 94% W - pray for help -- divine ? -- Your skills at the end: Miscellaneous Skills wands [Basic] Weapon Skills quarterstaff [Basic] Spellcasting Skills attack spells [Basic] enchantment spells [Basic] Final Attributes: You were devoutly aligned. You were magic-protected. Your writing hand was ok. You saw invisible. You had infravision. You were somewhat stealthy. You were protected from shape changers. You are dead. Vanquished creatures: a gnome lord a floating eye a kitten 4 dwarves 4 hill orcs 2 gas spores a hobbit a gecko a hobgoblin a brown mold a yellow mold 12 gnomes 2 gnome zombies 5 jackals a fox 8 newts 4 goblins 3 lichens 2 kobold zombies 55 creatures vanquished. Voluntary challenges: You went without food. You did not adorn yourself with jewelry or accessories. You did not cause conflict. You were not invisible. You did not have reflection. You were not displaced. You used a wielded weapon 36 times, starting on turn 3. You did not apply a unicorn horn. You did not use plumbed fixtures. You did not drink any magical draughts. You read items or engraved 3 times, starting on turn 1202. You never genocided any monsters. You never polymorphed an object. You never changed form. You used no wishes. You never split a pudding. You wrote Elbereth's name 1 time, starting on turn 2018. You never violated your personal moral code. Dungeon overview: The Dungeons of Doom: levels 1 to 4 Level 1 a fountain a long staircase Level 2 a general store Level 3 Level 4 some fountains, some sinks stairs to The Gnomish Mines The Gnomish Mines: levels 5 to 7 Level 5 stairs to The Dungeons of Doom Level 6 <- You were here Level 7 History has recorded: On T:1 you entered the Dungeons of Doom to retrieve the Amulet of Yendor! On T:67 you reached level 2 of The Dungeons of Doom. On T:621 you advanced to experience level 2. On T:748 you reached level 3 of The Dungeons of Doom. On T:799 you prayed to Thoth. On T:1075 you advanced to experience level 3. On T:1210 you reached level 4 of The Dungeons of Doom. On T:1614 you prayed to Thoth. On T:1721 you reached level 1 of The Gnomish Mines. On T:1760 you advanced to experience level 4. On T:1764 you reached level 2 of The Gnomish Mines. On T:1987 you advanced to experience level 5. On T:2130 you reached level 3 of The Gnomish Mines. On T:2342 you prayed to Thoth. Score breakdown: Gold: 443 ( 44 points) Experience: 5 levels ( 400 points) Exploration: 7 levels ( 180 points) Discoveries: 17 items ( 850 points) Variety of kills: 19 monsters ( 950 points) Major goal: (nothing yet) ( 0 points) Survival: died (score multiplied by 3) Total score: 7272 Latest messages: You see here a gnome corpse. You see here a large box. There are several objects here. You have a little trouble lifting F - a pick-axe. You are empty handed. a - a blessed +1 quarterstaff (alternate weapon; not wielded). You are now wielding your pick-axe. The dwarf lord thrusts his stout spear at the wizard. The dwarf lord jabs you! The dwarf lord thrusts his stout spear at the wizard. The dwarf lord jabs you! The spell misses the dwarf lord. The spell misses the dwarf lord. The dwarf lord thrusts his stout spear at the wizard. The dwarf lord jabs you! The dwarf lord thrusts his stout spear at the wizard. The dwarf lord jabs you! You die... Final status: Goodbye Anemone the Wizard, killed by a dwarf lord... You died in The Gnomish Mines on dungeon level 6 with 7272 points, and 443 pieces of gold, after 2447 moves. You were level 5 with a maximum of 35 hit points when you died.